 Dungeon Crawl Stone Soup version 0.28.0-47-ge53b351184 (webtiles) character file.

Game seed: 16405284748399206118

6 Keeper01 the Skirmisher (level 1, 0/14 HPs)
             Began as a Gargoyle Berserker on May 10, 2022.
             Was a Follower of Trog.
             Slain by a kobold
             ... wielding a +0 short sword
              (3 damage)
             ... on level 1 of the Dungeon.
             The game lasted 00:01:30 (89 turns).

Keeper01 the Skirmisher (Gargoyle Berserker)          Turns: 89, Time: 00:01:31

Health: 0/14       AC:  4    Str: 20    XL:     1   Next: 90%
Magic:  1/1        EV: 11    Int:  7    God:    Trog [*.....]
Gold:   11         SH:  0    Dex:  9    Spells: 0/0 levels left

rFire   . . .      SeeInvis .   a - +0 mace
rCold   . . .      Faith    .   (no shield)
rNeg    + . .      Spirit   .   b - +0 animal skin
rPois   ∞          Reflect  .   (no helmet)
rElec   +          Harm     .   (no cloak)
rCorr   .          Rampage  .   (no gloves)
Will    .....                   (no boots)
Stlth   +.........              (no amulet)
HPRegen 0.04/turn               (no ring)
MPRegen 0.07/turn               (no ring)

@: no status effects
A: sickness immunity, AC +2, negative energy resistance 1, electricity
resistance, torment resistance 1, petrification resistance
a: Renounce Religion, Berserk


You were on level 1 of the Dungeon.
You worshipped Trog.
Trog was aware of your devotion.
You visited 1 branch of the dungeon, and saw 1 of its levels.

You collected 11 gold pieces.

Inventory:

Hand Weapons
 a - a +0 mace (weapon)
Armour
 b - a +0 animal skin (worn)


   Skills:
 + Level 3.5 Fighting
 + Level 3.1 Maces & Flails
 + Level 2.3 Armour
 + Level 1.5 Dodging


You couldn't memorise any spells.
You didn't know any spells.
Your spell library was empty.

Dungeon Overview and Level Annotations

Branches:
Dungeon (1/15)

Altars:


Innate Abilities, Weirdness & Mutations

You are immune to sickness and miasma.
Your stone body is resilient. (AC +2)
You are immune to poison.
You resist negative energy. (rN+)
You are resistant to electric shocks. (rElec)
You are resistant to unholy torment.
You are immune to petrification.


Message History

A quokka comes into view.
The hobgoblin barely misses you.
You completely miss the hobgoblin. The hobgoblin barely misses you.
You thump the hobgoblin!
You kill the hobgoblin!
Trog accepts your kill.
The quokka bites you but does no damage.
You barely miss the quokka.
The quokka bites you but does no damage.
You barely miss the quokka. The quokka barely misses you.
The endoplasm freezes you.
You are frozen.
The quokka barely misses you.
You closely miss the quokka.
A bat comes into view.
The endoplasm freezes you.
You are frozen.
The quokka misses you. The endoplasm closely misses you.
The bat moves out of view.
You barely miss the quokka.
The quokka bites you but does no damage.
The endoplasm hits you but does no damage.
The quokka bites you.
You barely miss the quokka. The quokka closely misses you.
A kobold comes into view. It is wielding a +0 short sword.
The endoplasm hits you but does no damage.
The kobold shouts!
You hear a shout!
You hear an angry hiss.
The quokka barely misses you.
You see here a rat corpse.
The quokka bites you.
* * * LOW HITPOINT WARNING * * *
You sock the quokka!
You kill the quokka!
Trog accepts your kill.
You sock the endoplasm!
You kill the endoplasm!
Trog accepts your kill.
A hobgoblin comes into view.
You see here a +0 quarterstaff.
You closely miss the kobold.
The kobold hits you with a +0 short sword.
You die...

#... ...## ..#
#... # ..# #..##.
#.# #...# #.#
#..g###.#
#...†...##########
#.###).#.........#
#......K@........#
########.........#
#.........#
#.........#
#.........#
#.........#
#...####### #
#...#### .#.
#......# ###...


You could see a hobgoblin and a kobold.

Vanquished Creatures
  An endoplasm (D:1)
  A goblin (D:1)
  A hobgoblin (D:1)
  A quokka (D:1)
  A rat (D:1)
5 creatures vanquished.

Notes
Turn   | Place    | Note
-------+----------+-------------------------------------------
     0 | D:1      | Keeper01 the Gargoyle Berserker began the quest for the
                  | Orb.
     0 | D:1      | Reached XP level 1. HP: 14/14 MP: 1/1
    89 | D:1      | Slain by a kobold

Illustrated notes

Levels and vault maps discovered:
D:1:      nicolae_arrival_memento_mori, layout_basic,
          dreamdust_ecumenical_altar_hidden_monk_grotto, minmay_vboxes

Action                   || total
-------------------------++-------
Melee: Mace              ||    13
Armor: Animal skin       ||     5
Dodge: Dodged            ||     8
